 Dungeon Crawl Stone Soup version 0.30.0-5-g1a98f26d00 (webtiles) character file.

Game seed: 16150650276225250630

85528 freelancePsychic the Warrior (level 16, -1/121 (126) HPs)
             Began as a Djinni Berserker on May 10, 2023.
             Was a High Priest of Trog.
             Killed by an exploding orc wizard (11 damage)
             ... ignited by their inner flame
             ... on level 2 of the Orcish Mines.
             The game lasted 00:39:27 (23433 turns).

freelancePsychic the Warrior (Djinni Berserker)    Turns: 23433, Time: 00:39:27

HP:   -1/121 (126)  AC: 23    Str: 24    XL:     16   Next: 31%
Gold: 917           EV: 15    Int: 10    God:    Trog [*****.] SH:  0 Dex: 14

rFire   + + .        p - +2 dire flail (heavy)
rCold   . . .        (shield currently unavailable)
rNeg    . . .        c - +5 ring mail of Polytheism {Rampage +Inv Str+2 Slay+3}
rPois   ∞            L - +2 helmet
rElec   .            N - +0 cloak {rPois}
rCorr   .            J - +0 pair of gloves
SInv    .            (boots unavailable)
Will    +....        (no amulet)
Stlth   ++           G - +4 ring of protection
HPRegen 0.40/turn    E - ring of protection from cold
MPRegen 0.00/turn

%: rampage, infuse magic (-2 HP)
@: flying, lightly drained
A: sickness immunity, fire resistance 2, cold vulnerability 1, float, innate
caster, HP casting, extra vitality 1
a: Renounce Religion, Evoke Invisibility, Berserk, Trog's Hand, Brothers in Arms


You were on level 2 of the Orcish Mines.
You worshipped Trog.
Trog was extremely pleased with you.
You visited 3 branches of the dungeon, and saw 18 of its levels.
You also visited: Sewer and Bailey.

You collected 1754 gold pieces.
You spent 837 gold pieces at shops.

Inventory:

Hand Weapons
 p - a +2 heavy dire flail (weapon)
 x - a +3 heavy morningstar
 X - the +9 flail of Imbalance {heavy, Int+3}
   (You found it on level 5 of the Lair of Beasts)

   Int:       It affects your intelligence (+3).
Missiles
 b - 3 curare-tipped darts
 f - 2 javelins
 l - 17 poisoned darts (quivered)
 W - a throwing net
 Z - 6 atropa-tipped darts
Armour
 c - the +5 ring mail of Polytheism (worn) {Rampage +Inv Str+2 Slay+3}
   (You bought it in a shop on level 5 of the Dungeon)

   Str:       It affects your strength (+2).
   Slay:      It affects your accuracy & damage with ranged weapons and melee
   (+3).
   +Inv:      It lets you turn invisible.
   Rampage:   It bestows one free step when moving towards enemies.
 t - the +2 crystal plate armour of the Clean God {rC+ Will- Dex+5}
   (You acquired it on level 11 of the Dungeon)

   Dex:       It affects your dexterity (+5).
   rC:        It protects you from cold.
   Will:      It decreases your willpower.
 J - a +0 pair of gloves (worn)
 L - a +2 helmet (worn)
 N - a +0 cloak of poison resistance (worn)
Jewellery
 E - a ring of protection from cold (right hand)
 G - a +4 ring of protection (left hand)
 Y - a +6 ring of dexterity
Wands
 a - a wand of roots (3)
 C - a wand of mindburst (22)
 D - a wand of paralysis (19)
 R - a wand of light (11)
 S - a wand of polymorph (6)
 U - a wand of flame (5)
Scrolls
 i - 3 scrolls of enchant weapon
 j - 5 scrolls of teleportation {@r4}
 k - 3 scrolls of immolation
 n - 4 scrolls of noise
 r - 2 scrolls of brand weapon
 s - a scroll of torment
 v - 3 scrolls of fog
 y - a scroll of magic mapping
 F - a scroll of butterflies
 I - 3 scrolls of fear
 Q - 3 scrolls of blinking
 V - 2 scrolls of silence
Potions
 d - 2 potions of flight
 e - 5 potions of mutation
 g - 6 potions of haste {@q3}
 h - 15 potions of curing {@q1}
 q - a potion of berserk rage {unknown}
 u - 3 potions of attraction {unknown}
 w - a potion of heal wounds {@q2}
 z - 3 potions of degeneration {unknown}
 A - 2 potions of resistance
 B - 2 potions of lignification {unknown}
 H - 2 potions of ambrosia {unknown}
 O - a potion of might {unknown}
 T - 2 potions of invisibility {unknown}


   Skills:
 - Level 15.2 Fighting
 * Level 14.5 Maces & Flails
 + Level 11.2 Armour
 - Level 8.5 Dodging
 - Level 5.0 Stealth


You knew the following spells:

 Your Spells              Type           Power      Damage    Failure   Level
a - Summon Small Mammal   Summ           0%         N/A       47%         1
b - Searing Ray           Conj           0%         2d4       63%         2
c - Static Discharge      Conj/Air       0%         2-2/arc   63%         2
d - Olgreb's Toxic Radia  Pois           0%         N/A       99%         4
e - Blade Hands           Tmut           0%         N/A       100%        5
f - Yara's Violent Unrav  Hex/Tmut       0%         3d3       100%        5
g - Eringya's Noxious Bo  Tmut/Pois      0%         N/A       100%        6
Your spell library was empty.


Dungeon Overview and Level Annotations

Branches:
Dungeon (11/15)            Temple (0/1) D:7            Lair (5/5) D:11
  Swamp (0/4) Lair:2        Snake (0/4) Lair:3        Slime (0/5) Lair:4
    Orc (2/2) D:11            Elf (0/3) Orc:2         Sewer (visited)
 Bailey (visited)

Altars:
Cheibriados
Dithmenos
Nemelex Xobeh
Okawaru
Qazlal
The Shining One
Jiyva

Shops:
D:2 (   D:5 [   D:9 *

Annotations:
D:3 Grinder
D:7 exclusion: ice beast
Lair:3 exclusion: oklob plant
Lair:5 exclusion: oklob plant


Innate Abilities, Weirdness & Mutations

You are immune to sickness and miasma.
You are immune to poison.
Your flesh is very heat resistant. (rF++)
You are vulnerable to cold. (rC-)
You float through the air rather than walking.
You learn spells naturally, not from books.
Your magical power is your life essence.
You have superior vitality. (+4 MHP)


Message History

The fiery explosion engulfs the smoke demon.
The smoke demon resists.
Flame seeps out of the smoke demon.
The smoke demon is lightly wounded.
The orc warrior explodes!
The fiery explosion engulfs the orc knight!!
Flame seeps out of the orc knight.
The orc knight is severely wounded.
The fiery explosion engulfs the orc!!
Trog accepts your kill.
The orc explodes!
The fiery explosion engulfs the orc knight!
Flame seeps out of the orc knight.
The orc knight is almost dead.
The orc explodes!
The fiery explosion engulfs the sun demon.
The sun demon completely resists.
The fiery explosion engulfs the smoke demon.
The smoke demon resists.
Flame seeps out of the smoke demon.
The smoke demon is moderately wounded.
The fiery explosion engulfs the orc knight!!
Flame seeps out of the orc knight.
The orc knight is heavily wounded.
The orc explodes!
The fiery explosion engulfs the orc warrior!!
Trog accepts your kill. The fiery explosion engulfs you! You resist.
* * * LOW HITPOINT WARNING * * *
The fiery explosion engulfs the orc high priest!
Flame seeps out of the orc high priest.
The orc high priest is almost dead.
The fiery explosion engulfs the sun demon.
The sun demon completely resists.
The orc warrior explodes!
The orc wizard explodes!
The fiery explosion engulfs you. You resist.
* * * LOW HITPOINT WARNING * * *
The fiery explosion engulfs the orc knight!!
Trog accepts your kill.
The orc knight explodes!
The orc wizard explodes!
The fiery explosion engulfs you! You resist.
You die...

#...............#
#.............)..#
#................#
#................#
........o.....#
.......§§.....#
.......§§§§...#
........§§o.#.#.
.......§@○33o...
.......§§§○§§...
.......§§○§§....
........§§§§....
.........§.§....
.............#.
.............#
.............#


You could see an orc knight (inner flame, strong), an orc high priest (inner
flame, strong), a sun demon (summoned, inner flame), a smoke demon (summoned,
inner flame) and an orc (inner flame).

Vanquished Creatures
  5 hydras
  A catoblepas (Lair:1)
  4 death yaks (Lair:2)
  A two-headed ogre (D:6)
  2 skysharks (Lair:5)
  2 goliath frogs (Lair:5)
  3 orc knights
  A cyclops (Orc:2)
  4 orc sorcerers (Orc:2)
  17 elephants
  Maurice (D:9)
  4 black mambas
  Maggie (D:9)
  2 gargoyles
  19 cane toads
  2 rime drakes
  11 komodo dragons
  3 trolls
  A polar bear (Lair:2)
  A tyrant leech (Lair:5)
  Prince Ribbit (D:8)
  30 blink frogs
  A hornet (D:9)
  4 dream sheep (Lair:5)
  A vampire (Bailey)
  2 shadows (D:11)
  3 basilisks
  3 wraiths
  7 wyverns
  49 yaks
  3 steam dragons
  9 vampire mosquitoes
  A warg (Orc:2)
  22 water moccasins
  A swamp drake (Lair:2)
  3 sky beasts
  15 orc warriors
  4 ogres
  4 black bears (D:11)
  21 wolves
  4 centaurs
  2 kobold brigands
  15 bullfrogs
  A gnoll sergeant (D:9)
  A scorpion (D:11)
  3 troll zombies (D:11)
  11 killer bees
  2 howler monkeys (D:10)
  7 vampire bats (Bailey)
  3 wolf zombies (Bailey)
  6 hounds
  3 jellies
  A gnoll bouda (D:7)
  15 orc priests
  Jessica (D:2)
  4 iguanas
  20 orc wizards
  A human simulacrum (D:10)
  8 gnolls
  8 adders
  A shadow imp (D:8)
  A white imp (D:8)
  An ufetubus (D:4)
  A worm (D:6)
  A dart slug (D:10)
  75 orcs
  8 endoplasms
  5 giant cockroaches
  5 goblins
  17 hobgoblins
  5 jackals
  11 kobolds
  5 quokkas
  12 ball pythons
  6 bats
  12 frilled lizards
  A goblin skeleton (D:11)
  A goblin zombie (D:11)
  An orc skeleton (D:11)
  33 orc zombies
  8 rats
595 creatures vanquished.

Vanquished Creatures (collateral kills)
  A boulder beetle (D:11)
  2 cyclopes (D:11)
  3 yaks (D:11)
  A phantom (D:11)
  5 ogre zombies (D:11)
  A goblin zombie (D:11)
  A hobgoblin skeleton (D:11)
  2 hobgoblin zombies (D:11)
  An orc skeleton (D:11)
  8 orc zombies (D:11)
25 creatures vanquished.

Vanquished Creatures (others)
  A human simulacrum (D:10)
1 creature vanquished.

Grand Total: 621 creatures vanquished

Notes
Turn   | Place    | Note
-------+----------+-------------------------------------------
     0 | D:1      | freelancePsychic the Djinni Berserker began the quest for
                  | the Orb.
     0 | D:1      | Reached XP level 1. HP: 20/20 MP: 0/0
   207 | D:1      | You are sucked into a shaft and drop 1 floor!
   230 | D:2      | Noticed Jessica
   247 | D:2      | Reached XP level 2. HP: 25/25 MP: 0/0
   271 | D:1      | Reached skill level 1 in Stealth
   723 | D:1      | Found a faded altar of an unknown god.
  1258 | D:2      | Reached XP level 3. HP: 30/30 MP: 0/0
  1258 | D:2      | Learned a level 1 spell: Summon Small Mammal
  1549 | D:2      | Found Licvak's Antique Weapon Shop.
  1617 | D:2      | Reached XP level 4. HP: 27/35 MP: 0/0
  1617 | D:2      | Killed Jessica
  1636 | D:2      | Reached ** piety under Trog
  1637 | D:2      | Reached XP level 5. HP: 28/41 MP: 0/0
  1637 | D:2      | Learned a level 2 spell: Searing Ray
  2104 | D:3      | Noticed Grinder
  3301 | D:4      | Reached skill level 4 in Fighting
  3359 | D:4      | Reached XP level 6. HP: 47/47 MP: 0/0
  3824 | D:5      | Entered Level 5 of the Dungeon
  3839 | D:5      | Found Puymot's Armour Shoppe.
  4143 | D:5      | Reached XP level 7. HP: 53/53 MP: 0/0
  4143 | D:5      | Learned a level 2 spell: Static Discharge
  4151 | D:5      | Reached *** piety under Trog
  4483 | D:5      | Found a glowing golden altar of the Shining One.
  4593 | D:5      | Found a sparkling altar of Nemelex Xobeh.
  4808 | D:5      | Found a stormy altar of Qazlal.
  4935 | D:6      | Reached skill level 5 in Fighting
  4935 | D:6      | Reached skill level 5 in Stealth
  4935 | D:6      | Reached XP level 8. HP: 59/59 MP: 0/0
  5029 | D:6      | Found a glowing drain.
  5037 | D:6      | Noticed a two-headed ogre
  5039 | Sewer    | Entered a sewer
  5697 | D:6      | Reached **** piety under Trog
  5698 | D:6      | Reached skill level 5 in Maces & Flails
  5705 | D:6      | Killed a two-headed ogre
  5706 | D:6      | Reached skill level 7 in Fighting
  5706 | D:6      | Reached XP level 9. HP: 56/68 MP: 0/0
  5706 | D:6      | Learned a level 4 spell: Olgreb's Toxic Radiance
  6655 | D:7      | Found a staircase to the Ecumenical Temple.
  6795 | D:7      | Reached skill level 8 in Fighting
  7278 | D:7      | Reached XP level 10. HP: 43/77 MP: 0/0
  7442 | D:6      | Reached skill level 9 in Fighting
  7945 | D:8      | Noticed Prince Ribbit
  7958 | D:8      | Killed Prince Ribbit
  8287 | D:8      | Found a shadowy altar of Dithmenos.
  9297 | D:9      | Reached skill level 10 in Fighting
  9454 | D:9      | Noticed Maurice
  9491 | D:9      | Killed Maurice
  9619 | D:9      | Found Jistag's General Store.
 10257 | D:9      | Reached XP level 11. HP: 73/86 MP: 0/0
 10257 | D:9      | Learned a level 5 spell: Blade Hands
 10350 | D:9      | Noticed Maggie
 10371 | D:9      | Killed Maggie
 10372 | D:9      | Reached skill level 5 in Dodging
 10772 | D:10     | Entered Level 10 of the Dungeon
 10984 | D:10     | Found a flagged portal.
 11029 | Bailey   | Entered a bailey
 11498 | Bailey   | Reached ***** piety under Trog
 11925 | Bailey   | Reached skill level 11 in Fighting
 12149 | D:10     | Found a snail-covered altar of Cheibriados.
 12317 | D:10     | Found an iron altar of Okawaru.
 13118 | D:11     | Noticed a cyclops
 13123 | D:11     | Noticed a cyclops
 13123 | D:11     | Noticed a boulder beetle
 13135 | D:11     | Killed a cyclops
 13136 | D:11     | Killed a cyclops
 13138 | D:11     | Killed a boulder beetle
 13145 | D:11     | Reached skill level 10 in Maces & Flails
 13150 | D:11     | Reached XP level 12. HP: 75/94 MP: 0/0
 13183 | D:11     | Found a staircase to the Orcish Mines.
 13655 | D:11     | Reached skill level 12 in Fighting
 13987 | D:11     | Identified a scroll of acquirement
 13987 | D:11     | Acquired the +2 crystal plate armour of the Clean God {rC+
                  | Will- Dex+5}
 14019 | D:11     | Found a staircase to the Lair.
 14234 | D:11     | Identified the +1 leather armour "Neigueto" {rPois Str+2}
 14289 | D:11     | Received a gift from Trog
 14683 | Lair:1   | Entered Level 1 of the Lair of Beasts
 14865 | Lair:1   | Noticed a catoblepas
 14885 | Lair:1   | Killed a catoblepas
 15448 | D:5      | Bought the +5 ring mail of Polytheism {Rampage +Inv Str+2
                  | Slay+3} for 837 gold pieces
 15783 | Lair:1   | Reached skill level 5 in Armour
 15819 | Lair:1   | Reached XP level 13. HP: 18/102 MP: 0/0
 15819 | Lair:1   | Learned a level 5 spell: Yara's Violent Unravelling
 16576 | Lair:2   | Reached skill level 13 in Fighting
 16888 | Lair:2   | Received a gift from Trog
 16972 | Lair:2   | Noticed a six-headed hydra
 17127 | Lair:2   | Killed a six-headed hydra
 17286 | Lair:2   | Found a staircase to the Swamp.
 18497 | Lair:3   | Reached XP level 14. HP: 60/111 MP: 0/0
 19302 | Lair:3   | Identified the staff of conjuration "Ylophubi" {rF+ Dex-3
                  | Stlth+}
 19445 | Lair:3   | Found a staircase to the Snake Pit.
 19673 | Lair:4   | Reached skill level 14 in Fighting
 19746 | Lair:4   | You are sucked into a shaft and drop 1 floor!
 19746 | Lair:5   | Entered Level 5 of the Lair of Beasts
 20557 | Lair:5   | Reached skill level 10 in Armour
 20667 | Lair:5   | Identified the +9 flail of Imbalance {heavy, Int+3}
 20668 | Lair:5   | Identified the +7 double sword "Buch" {vamp, SInv}
 20675 | Lair:5   | Identified the +7 mace of Qanes {venom, rPois Int+3}
 21187 | Lair:5   | Reached XP level 15. HP: 111/118 MP: 0/0
 21187 | Lair:5   | Learned a level 6 spell: Eringya's Noxious Bog
 21792 | Lair:4   | Found a staircase to the Slime Pits.
 21792 | Lair:4   | Found a viscous altar of Jiyva.
 22444 | Orc:1    | Entered Level 1 of the Orcish Mines
 22527 | Orc:2    | Entered Level 2 of the Orcish Mines
 22530 | Orc:2    | Reached skill level 15 in Fighting
 22530 | Orc:2    | Reached XP level 16. HP: 126/126 MP: 0/0
 22544 | Orc:2    | Received a gift from Trog
 22958 | Orc:2    | Found a staircase to the Elven Halls.
 23433 | Orc:2    | Killed by an exploding orc wizard... ignited by their inner
                  | flame

Illustrated notes

Levels and vault maps discovered:
D:1:      dpeg_arrival_stone_temple_mockup, layout_basic,
          basic_ecumenical_altar, minmay_heptomino_o4
D:2:      cheibrodos_pilgrimage, layout_rooms, serial_shops,
          nicolae_shop_peninsula, bh_walls_and_bars, uniq_jessica
D:3:      layout_basic, uniq_grinder
D:4:      layout_basic
D:5:      layout_cave_pools, mainiacjoe_overflow_catch_the_wave,
          jmf_multi_god_temple, nicolae_take_the_stairs
D:6:      layout_basic, cheibrodos_sewer_entry_drain, nrook_mini_backslash
D:7:      layout_basic, minmay_temple_entry_waves
D:8:      layout_loops_corners, nicolae_dithmenos_the_darkroom,
          vehumet_crystals, uniq_prince_ribbit1
D:9:      layout_irregular_city, serial_shops, shop, minivault_27, uniq_maurice,
          uniq_maggie
D:10:     layout_rooms, kennysheep_slug_shrine, okawaru_ov_weapons_minmay,
          enter_bailey_4, serial_corexii_hall, corexii_hall_statues_u,
          corexii_hall_statues_l, corexii_hall_statues_x,
          corexii_hall_statues_u, bh_circular_ruins
D:11:     cheibrodos_orc_bank, layout_basic, minmay_lair_entry_grove,
          zombieorc2_lemuel
Lair:1:   layout_cave_pods, infiniplex_staircase_pool_2, serial_bayou_shore_a
Lair:2:   layout_loops_ring, minmay_swamp_entry_reptiles, serial_bayou,
          serial_bayou_crossing, serial_bayou_pond_a, serial_bayou_pond_e,
          serial_bayou_pond_e, serial_bayou_pond_a, serial_bayou_shore_b
Lair:3:   layout_misc_corridors, dummy_snake_entry
Lair:4:   layout_hall_layers, nicolae_slime_entry_slimehenge
Lair:5:   minmay_lair_end_frog_pond, layout_cave_pods
Orc:1:    layout_diamond_mine
Orc:2:    st_orc_congregation, layout_caves

Skill      XL: |  1  2  3  4  5  6  7  8  9 10 11 12 13 14 15 |
---------------+----------------------------------------------+-----
Stealth        | 1 2 3 4 5 |  5.0
Maces & Flails | 3 4 6 7 8 10 12 13 14 | 14.5
Fighting       | 4 5 7 8 10 11 12 13 14 15 | 15.2
Dodging        | 4 7 8 |  8.5
Armour         | 5 8 10 11 | 11.2

Action                     |  1- 3 |  4- 6 |  7- 9 | 10-12 | 13-15 | 16-18 || total
---------------------------+-------+-------+-------+-------+-------+-------++-------
  Melee: Mace              |    75 |   121 |   240 |   489 |       |       ||   925
         Flail             |       |       |       |   125 |       |       ||   125
         Dire flail        |       |       |       |   115 |   625 |    99 ||   839
  Throw: Dart              |     1 |    10 |    30 |    40 |    50 |       ||   131
         Javelin           |       |       |     5 |       |       |       ||     5
 Invoke: Berserk           |     1 |       |     2 |     6 |     6 |       ||    15
         Trog's Hand       |       |       |       |     4 |     1 |       ||     5
         Brothers in Arms  |       |       |       |     1 |       |       ||     1
  Evoke: Wand              |       |       |       |     1 |     6 |       ||     7
    Use: Scroll            |       |     4 |     8 |     9 |    10 |     3 ||    34
         Potion            |       |       |       |       |     2 |     2 ||     4
   Stab: Sleeping          |       |     3 |     8 |     7 |     2 |     3 ||    23
         Distracted        |       |       |     1 |       |       |       ||     1
         Paralysed         |       |       |       |     4 |       |       ||     4
 Armour: Animal skin       |    22 |       |       |       |       |       ||    22
         Ring mail         |     5 |     5 |       |     8 |   245 |    67 ||   330
         Robe              |       |    33 |    63 |    30 |       |       ||   126
         Steam dragon scal |       |       |       |   108 |       |       ||   108
         Crystal plate arm |       |       |       |    87 |       |       ||    87
  Dodge: Dodged            |    59 |    87 |   187 |   478 |   362 |    89 ||  1262
